 Dungeon Crawl Stone Soup version 0.25-a0-1133-g93ebf739aa (webtiles) character file.

Game seed: 6250440465932448893, levelgen mode: deterministic

7634 Lanoc the Destroyer (level 11, -5/81 HPs)
             Began as a Gnoll Conjurer on May 20, 2020.
             Was an Elder of Sif Muna.
             Killed by divine providence
             ... invoked by an orc priest
              (15 damage)
             ... on level 2 of the Orcish Mines.
             The game lasted 00:20:33 (12641 turns).

Lanoc the Destroyer (Gnoll Conjurer)               Turns: 12641, Time: 00:20:33

Health: -5/81      AC: 41    Str: 10    XL:     11   Next: 18%
Magic:  13/22      EV:  7    Int: 22    God:    Sif Muna [****..]
Gold:   418        SH:  0    Dex: 15    Spells: 18/25 levels left

rFire    + . .     SeeInvis .   k - +0 hunting sling (flame)
rCold    . . .     Gourm    .   (no shield)
rNeg     . . .     Faith    .   I - +27 Lear's hauberk
rPois    .         Spirit   .   (helmet currently unavailable)
rElec    .         Reflect  .   (no cloak)
rCorr    .         Harm     .   (gloves currently unavailable)
MR       +....                  (boots currently unavailable)
Stlth    +.........             (no amulet)
HPRegen  0.23/turn              P - ring "Mannaif" {rF+ MR+}
MPRegen  0.18/turn              K - +4 ring of protection

@: very slightly contaminated
A: distributed training, fangs 1, strong nose
a: Channel Magic, Forget Spell, Divine Exegesis, Renounce Religion


You were on level 2 of the Orcish Mines.
You worshipped Sif Muna.
Sif Muna was greatly pleased with you.
You were not hungry.

You visited 3 branches of the dungeon, and saw 13 of its levels.
You also visited: Ossuary.

You collected 648 gold pieces.
You spent 230 gold pieces at shops.

Inventory:

Hand Weapons
 k - a +0 hunting sling of flaming (weapon)
Missiles
 d - 6 poisoned darts
 g - 188 arrows
 n - 195 stones (quivered)
 B - 71 sling bullets
Armour
 v - a +1 hat
 G - a +0 pair of boots
 I - the +27 Lear's hauberk (worn)
   (You found it on level 6 of the Dungeon)
 L - the +0 pair of gloves of Utosu {rF+ rC+ Str+3 Dex+4}
   (You found it on level 7 of the Dungeon)

   It affects your strength (+3).
   It affects your dexterity (+4).
   It protects you from fire.
   It protects you from cold.
 R - the +0 ring mail "Mana" {Str+3}
   (You found it on level 10 of the Dungeon)

   It affects your strength (+3).
Jewellery
 e - an uncursed ring of resist corrosion
 o - an uncursed ring of protection from cold
 D - an uncursed ring of poison resistance
 K - a +4 ring of protection (right hand)
 P - the ring "Mannaif" (left hand) {rF+ MR+}
   (You found it on level 8 of the Dungeon)

   [ring of protection from magic]

   It protects you from fire.
   It affects your resistance to hostile enchantments.
Wands
 w - a wand of iceblast (6)
 H - a wand of disintegration (15)
 M - a wand of digging (5)
Scrolls
 h - 3 scrolls of enchant weapon {unknown}
 i - 10 scrolls of remove curse
 j - a scroll of immolation
 r - a scroll of noise {unknown}
 u - 6 scrolls of amnesia {unknown}
 x - 3 scrolls of enchant armour {unknown}
 y - 5 scrolls of teleportation
 E - a scroll of fog
 N - 2 scrolls of identify
 O - a scroll of fear {unknown}
 Q - a scroll of magic mapping
 S - a scroll of blinking {unknown}
Potions
 b - a potion of brilliance {unknown}
 f - 6 potions of curing
 l - a potion of mutation
 m - 4 potions of flight
 p - 4 potions of heal wounds
 q - a potion of degeneration {unknown}
 s - 2 potions of ambrosia
 t - 2 potions of invisibility
 z - 4 potions of lignification
 A - 4 potions of haste
 C - 3 potions of stabbing
 F - 2 potions of resistance
 J - a potion of might
Comestibles
 a - 4 chunks of flesh
 c - 16 rations


   Skills:
 + Level 5.9 Fighting
 + Level 5.9 Short Blades
 + Level 5.9 Long Blades
 + Level 5.9 Axes
 + Level 5.9 Maces & Flails
 + Level 5.9 Polearms
 + Level 5.9 Staves
 + Level 5.9 Slings
 + Level 5.9 Bows
 + Level 5.9 Crossbows
 + Level 5.9 Throwing
 + Level 5.9 Armour
 + Level 7.6 Dodging
 + Level 7.3 Stealth
 + Level 5.9 Shields
 + Level 5.9 Unarmed Combat
 + Level 7.8 Spellcasting
 + Level 8.7 Conjurations
 + Level 4.9 Hexes
 + Level 4.9 Charms
 + Level 4.9 Summonings
 + Level 4.9 Necromancy
 + Level 4.9 Translocations
 + Level 4.9 Transmutations
 + Level 4.9 Fire Magic
 + Level 4.9 Ice Magic
 + Level 4.9 Air Magic
 + Level 4.9 Earth Magic
 + Level 4.9 Poison Magic
 + Level 6.5 Invocations
 + Level 5.9 Evocations


You had 18 spell levels left.
You knew the following spells:

 Your Spells              Type           Power        Failure   Level  Hunger
a - Magic Dart            Conj           ####         10%         1    None
b - Searing Ray           Conj           #####.       16%         2    None
c - Iskenderun's Mystic   Conj/Tloc      #####...     92%         4    ###....

Your spell library contained the following spells:

 Spells                   Type           Power        Failure   Level  Hunger
 Dazzling Flash           Conj/Hex       #####.       56%         3    None
 Fulminant Prism          Conj/Hex       #####.....   92%         4    ###....


Dungeon Overview and Level Annotations

Branches:
Dungeon (10/15)            Temple (1/1) D:7             Orc (2/2) D:10
Ossuary (visited)
   Lair: D:8-11         Elf: Orc:2

Altars:
Cheibriados
Elyvilon
Gozag
Kikubaaqudgha
Makhleb
Sif Muna
Trog
Uskayaw
Vehumet
Yredelemnul
The Shining One

Shops:
D:5 ?   D:10 *[   Orc:1 [


Innate Abilities, Weirdness & Mutations

Your experience applies equally to all skills.
You have very sharp teeth.
Your uncanny sense of smell can sniff out nearby items.


Message History

The weapon returns to the orc warrior!
There is a stone staircase leading up here.
The orc warrior throws a boomerang.
The boomerang hits you!
* * * LOW HITPOINT WARNING * * *
The weapon returns to the orc warrior!
The orc warrior throws a boomerang.
The boomerang hits you but does no damage.
The weapon returns to the orc warrior!
The orc warrior throws a boomerang.
The boomerang hits you.
* * * LOW HITPOINT WARNING * * *
The weapon returns to the orc warrior!
The orc warrior throws a boomerang.
The boomerang closely misses you.
The weapon returns to the orc warrior!
The orc warrior throws a boomerang.
The boomerang hits you but does no damage.
The weapon returns to the orc warrior!
There is a stone staircase leading up here.
The orc warrior throws a boomerang.
The boomerang barely misses you.
The weapon returns to the orc warrior!
The orc priest mumbles some strange prayers to Beogh against you.
Beogh smites you!
You die...

##..#...........#
##...............##
###.......#.........##
((#......####........###
........o.#####........#
#.###....o..#...)....###
## #.##<)...#..)))...#
###..).o.......####
##..........@#.##
#....#.<....###.##
##..##.......#<..#
###..............## #
##.#..............#
###.................##
.###.#......#........##
.##.#.......###.......##
...........####........##


You could see an orc warrior and an orc priest.

Vanquished Creatures
  A two-headed ogre (D:10)
  A cyclops (Orc:2)
  Maggie (D:9)
  A vampire (D:10)
  3 hogs (D:7)
  A wyvern (D:7)
  A human (D:7)
  A yak (D:7)
  2 hungry ghosts
  2 wargs (D:10)
  An orc warrior (Orc:2)
  5 ice beasts
  2 black bears
  2 hornet zombies
  4 sky beasts
  A phantom (D:8)
  5 ogres
  4 centaurs
  A gnoll sergeant (Orc:2)
  2 bullfrogs
  A wyvern zombie (Ossuary)
  5 scorpions
  3 howler monkeys (D:9)
  2 crimson imps
  4 bullfrog zombies
  5 centaur zombies
  5 hounds
  A bullfrog skeleton (D:6)
  A quasit (D:7)
  2 orc priests
  6 orc wizards
  2 centaur skeletons
  9 iguanas
  5 worker ants
  A killer bee zombie (Ossuary)
  3 hound zombies
  19 mummies (Ossuary)
  3 worker ant zombies
  2 howler monkey zombies (Ossuary)
  5 gnolls (Orc:2)
  8 adders
  6 adder zombies
  3 worms
  2 dart slugs
  A leopard gecko (D:7)
  28 orcs
  2 ball pythons
  4 giant cockroaches
  7 goblins
  3 hobgoblins
  4 jackals (D:10)
  3 kobolds
  A quokka (D:2)
  6 bats
  2 frilled lizards
  A giant cockroach zombie (D:6)
  2 jackal skeletons
  A quokka zombie (Ossuary)
  11 rats
220 creatures vanquished.

Vanquished Creatures (others)
  2 withered plants (Ossuary)
2 creatures vanquished.

Grand Total: 222 creatures vanquished

Notes
Turn   | Place    | Note
-------+----------+-------------------------------------------
     0 | D:1      | Lanoc the Gnoll Conjurer began the quest for the Orb.
     0 | D:1      | Reached XP level 1. HP: 13/13 MP: 6/6
   109 | D:1      | Reached XP level 2. HP: 19/19 MP: 3/7
   532 | D:2      | Reached skill level 5 in Spellcasting
   532 | D:2      | Reached XP level 3. HP: 25/25 MP: 3/9
  1310 | D:3      | Reached skill level 1 in Invocations
  1482 | D:3      | Learned a level 2 spell: Searing Ray
  1505 | D:3      | Reached skill level 1 in Fighting
  1505 | D:3      | Reached skill level 1 in Short Blades
  1505 | D:3      | Reached skill level 1 in Long Blades
  1505 | D:3      | Reached skill level 1 in Axes
  1505 | D:3      | Reached skill level 1 in Maces & Flails
  1505 | D:3      | Reached skill level 1 in Polearms
  1505 | D:3      | Reached skill level 1 in Staves
  1505 | D:3      | Reached skill level 1 in Slings
  1505 | D:3      | Reached skill level 1 in Bows
  1505 | D:3      | Reached skill level 1 in Crossbows
  1505 | D:3      | Reached skill level 1 in Throwing
  1505 | D:3      | Reached skill level 1 in Armour
  1505 | D:3      | Reached skill level 1 in Shields
  1505 | D:3      | Reached skill level 1 in Unarmed Combat
  1505 | D:3      | Reached skill level 1 in Evocations
  1562 | D:3      | Found a shimmering blue altar of Sif Muna.
  1625 | D:3      | Became a worshipper of Sif Muna the Loreminder
  1742 | D:3      | Reached XP level 4. HP: 32/32 MP: 11/11
  2240 | D:3      | Found a basalt altar of Yredelemnul.
  2276 | D:4      | Noticed an ogre
  2281 | D:4      | Killed an ogre
  2281 | D:4      | Reached skill level 1 in Hexes
  2281 | D:4      | Reached skill level 1 in Charms
  2281 | D:4      | Reached skill level 1 in Summonings
  2281 | D:4      | Reached skill level 1 in Necromancy
  2281 | D:4      | Reached skill level 1 in Translocations
  2281 | D:4      | Reached skill level 1 in Transmutations
  2281 | D:4      | Reached skill level 1 in Fire Magic
  2281 | D:4      | Reached skill level 1 in Ice Magic
  2281 | D:4      | Reached skill level 1 in Air Magic
  2281 | D:4      | Reached skill level 1 in Earth Magic
  2281 | D:4      | Reached skill level 1 in Poison Magic
  2281 | D:4      | Reached XP level 5. HP: 24/37 MP: 7/12
  2618 | D:4      | Found a glowing golden altar of the Shining One.
  2898 | D:4      | Reached XP level 6. HP: 44/44 MP: 7/13
  3177 | D:5      | Entered Level 5 of the Dungeon
  3177 | D:5      | Noticed a sky beast
  3180 | D:5      | Killed a sky beast
  3180 | D:5      | Reached skill level 5 in Dodging
  3734 | D:5      | Reached XP level 7. HP: 37/50 MP: 10/15
  4144 | D:5      | Found Neur's Magic Scroll Shoppe.
  4157 | D:5      | Bought a scroll of teleportation for 39 gold pieces
  4157 | D:5      | Bought a scroll of identify for 26 gold pieces
  4424 | D:5      | Reached skill level 5 in Stealth
  4490 | D:5      | Reached * piety under Sif Muna
  4766 | D:5      | Reached XP level 8. HP: 57/57 MP: 13/16
  5009 | D:5      | Found a snail-covered altar of Cheibriados.
  5009 | D:5      | Found an opulent altar of Gozag.
  5104 | D:6      | Found a radiant altar of Vehumet.
  5192 | D:6      | Found a sand-covered staircase.
  5197 | Ossuary  | Entered an ossuary
  5838 | Ossuary  | Reached ** piety under Sif Muna
  6485 | D:6      | Found the +27 Lear's hauberk
  6502 | D:6      | Reached XP level 9. HP: 56/65 MP: 18/18
  6517 | D:6      | Learned a level 4 spell: Iskenderun's Mystic Blast
  7020 | D:7      | Noticed a moth of wrath
  7023 | D:7      | Found a bloodstained altar of Trog.
  7199 | D:7      | Got a pair of slimy gloves
  7210 | D:7      | Identified the +0 pair of gloves of Utosu {rF+ rC+ Str+3
                  | Dex+4} (You found it on level 7 of the Dungeon)
  7277 | D:7      | Got a topaz-encrusted leather armour
  7288 | D:7      | Identified the +1 leather armour of the Orcish Mines
                  | {*Corrode rElec rPois rC+++} (You found it on level 7 of
                  | the Dungeon)
  7591 | D:7      | Found a staircase to the Ecumenical Temple.
  7600 | Temple   | Entered the Ecumenical Temple
  7809 | D:7      | Reached skill level 8 in Conjurations
  8051 | D:7      | Reached skill level 5 in Invocations
  8287 | D:7      | Reached XP level 10. HP: 73/73 MP: 11/20
  8745 | D:8      | Reached *** piety under Sif Muna
  8893 | D:8      | Reached skill level 5 in Fighting
  8893 | D:8      | Reached skill level 5 in Short Blades
  8893 | D:8      | Reached skill level 5 in Long Blades
  8893 | D:8      | Reached skill level 5 in Axes
  8893 | D:8      | Reached skill level 5 in Maces & Flails
  8893 | D:8      | Reached skill level 5 in Polearms
  8893 | D:8      | Reached skill level 5 in Staves
  8893 | D:8      | Reached skill level 5 in Slings
  8893 | D:8      | Reached skill level 5 in Bows
  8893 | D:8      | Reached skill level 5 in Crossbows
  8893 | D:8      | Reached skill level 5 in Throwing
  8893 | D:8      | Reached skill level 5 in Armour
  8893 | D:8      | Reached skill level 5 in Shields
  8893 | D:8      | Reached skill level 5 in Unarmed Combat
  8893 | D:8      | Reached skill level 5 in Evocations
  9421 | D:8      | Got an ancient pewter ring
  9423 | D:8      | Identified the ring "Mannaif" {rF+ MR+} (You found it on
                  | level 8 of the Dungeon)
  9620 | D:9      | Found a white marble altar of Elyvilon.
  9767 | D:9      | Noticed Maggie
  9789 | D:9      | Killed Maggie
 10478 | D:9      | Found a burning altar of Makhleb.
 10579 | D:10     | Entered Level 10 of the Dungeon
 10652 | D:10     | Noticed a two-headed ogre
 10666 | D:10     | Killed a two-headed ogre
 10944 | D:10     | Reached XP level 11. HP: 78/81 MP: 13/22
 11057 | D:10     | Found a staircase to the Orcish Mines.
 11081 | D:10     | Found a glowing golden altar of the Shining One.
 11278 | D:10     | Got a slimy ring mail
 11289 | D:10     | Identified the +0 ring mail "Mana" {Str+3} (You found it on
                  | level 10 of the Dungeon)
 11561 | D:10     | Found Maerad's Hallowed Reliquary.
 11563 | D:10     | Noticed an angel
 11569 | D:10     | Bought 2 potions of heal wounds for 110 gold pieces
 11569 | D:10     | Bought a potion of heal wounds for 55 gold pieces
 11606 | D:10     | Found Ceocod's Antique Armour Boutique.
 11670 | Orc:1    | Entered Level 1 of the Orcish Mines
 11670 | Orc:1    | Found Huilour's Armour Shoppe.
 11973 | Orc:2    | Entered Level 2 of the Orcish Mines
 12011 | Orc:2    | Reached **** piety under Sif Muna
 12096 | Orc:1    | Noticed an orc knight
 12418 | Orc:2    | Noticed a cyclops
 12432 | Orc:2    | Killed a cyclops
 12641 | Orc:2    | Killed from afar by an orc priest

Illustrated notes

Levels and vault maps discovered:
D:1:      co_arrival_square_in_a_square_in_a_square, layout_rooms,
          hangedman_decor_clover_reticule, minivault_14, minmay_unequal
D:2:      layout_basic, serial_curves, eino_curves_01, eino_curves_01,
          minmay_tiny_reverse_x
D:3:      layout_basic, lemuel_doored_altar, lemuel_round_altar,
          kennysheep_flooded_box, minmay_misc_feat_tower, st_stairs_9
D:4:      layout_gridville, tso_metal_star
D:5:      layout_rooms, gammafunk_temple_overflow_elements, serial_shops, shop,
          first_ration, uniq_sigmund
D:6:      layout_rooms, basic_altar, nicolae_ossuary_entry_false_entrances
D:7:      layout_basic, tgw_trog, minmay_temple_entry_gardened_gates,
          grunt_livestock
D:8:      layout_basic
D:9:      layout_long_grid, elyvilon_altar_4, bloody_makhleb, uniq_maggie
D:10:     layout_irregular_city, orc_0_dummy, serial_shops, shop, st_stairs_4,
          nicolae_good_shop
Temple:   eino_temple_rhombus
Orc:1:    layout_caves, serial_shops, shop_fountains, uniq_josephine
Orc:2:    pf_orc_diabolical, layout_diamond_mine

Skill      XL: |  1  2  3  4  5  6  7  8  9 10 |
---------------+-------------------------------+-----
Spellcasting   | 5 6 7 |  7.8
Invocations    | 1 2 3 4 5 6 |  6.5
Fighting       | 1 2 3 4 5 |  5.9
Short Blades   | 1 2 3 4 5 |  5.9
Long Blades    | 1 2 3 4 5 |  5.9
Axes           | 1 2 3 4 5 |  5.9
Maces & Flails | 1 2 3 4 5 |  5.9
Polearms       | 1 2 3 4 5 |  5.9
Staves         | 1 2 3 4 5 |  5.9
Slings         | 1 2 3 4 5 |  5.9
Bows           | 1 2 3 4 5 |  5.9
Crossbows      | 1 2 3 4 5 |  5.9
Throwing       | 1 2 3 4 5 |  5.9
Armour         | 1 2 3 4 5 |  5.9
Shields        | 1 2 3 4 5 |  5.9
Unarmed Combat | 1 2 3 4 5 |  5.9
Evocations     | 1 2 3 4 5 |  5.9
Hexes          | 1 2 3 4 |  4.9
Charms         | 1 2 3 4 |  4.9
Summonings     | 1 2 3 4 |  4.9
Necromancy     | 1 2 3 4 |  4.9
Translocations | 1 2 3 4 |  4.9
Transmutations | 1 2 3 4 |  4.9
Fire Magic     | 1 2 3 4 |  4.9
Ice Magic      | 1 2 3 4 |  4.9
Air Magic      | 1 2 3 4 |  4.9
Earth Magic    | 1 2 3 4 |  4.9
Poison Magic   | 1 2 3 4 |  4.9
Dodging        | 5 6 7 |  7.6
Stealth        | 5 6 7 |  7.3
Conjurations   | 8 |  8.7

Action                   |  1- 3 |  4- 6 |  7- 9 | 10-12 || total
-------------------------+-------+-------+-------+-------++-------
Melee: Unarmed           |     6 |       |       |       ||     6
       Hunting sling     |       |       |       |     2 ||     2
 Fire: Hunting sling     |    29 |    51 |   380 |   429 ||   889
Throw: Dart              |     2 |       |       |       ||     2
 Cast: Magic Dart        |    45 |    14 |     7 |       ||    66
       Searing Ray       |       |     7 |    40 |    43 ||    90
  Use: Scroll            |       |       |    13 |     2 ||    15
  Eat: Chunk             |     2 |     4 |     9 |    10 ||    25
       Ration            |       |     1 |     1 |     1 ||     3
Armor: Robe              |     1 |     2 |    13 |       ||    16
       Chain mail        |       |       |   115 |   302 ||   417
Dodge: Dodged            |    12 |    27 |   127 |   128 ||   294

Table legend:
 A = Non-vault XP
 B = Vault XP
 C = Vault XP percentage of total XP
 D = Non-vault monster count
 E = Vault monster count
 F = Vault count percentage of total count
                 A         B        C        D         E       F
            +---------+---------+-------+---------+---------+-------
      Total |    8233 |    2674 |  24.5 |     165 |      55 |  25.0
            +---------+---------+-------+---------+---------+-------
        D:1 |      11 |       0 |   0.0 |       5 |       0 |   0.0
        D:2 |      36 |       6 |  14.3 |      12 |       2 |  14.3
        D:3 |      65 |       3 |   4.4 |      23 |       3 |  11.5
        D:4 |     269 |       0 |   0.0 |       7 |       0 |   0.0
        D:5 |     994 |       0 |   0.0 |      22 |       0 |   0.0
        D:6 |     105 |       0 |   0.0 |       5 |       0 |   0.0
        D:7 |    1261 |    1033 |  45.0 |      16 |      10 |  38.5
        D:8 |    1419 |       0 |   0.0 |      29 |       0 |   0.0
        D:9 |    1025 |     395 |  27.8 |      11 |       1 |   8.3
       D:10 |    2008 |     299 |  13.0 |      20 |       2 |   9.1
      Orc:1 |      90 |       0 |   0.0 |       5 |       0 |   0.0
      Orc:2 |     950 |       0 |   0.0 |      10 |       0 |   0.0
    Ossuary |       0 |     938 | 100.0 |       0 |      37 | 100.0
            +---------+---------+-------+---------+---------+-------
